 Dungeon Crawl Stone Soup version 0.15-a0-1968-gb423ccb (webtiles) character file.

1920 FiftyNine the Quickloader (level 9, -21/69 HPs)
             Began as a Human Wanderer on July 10, 2014.
             Was an Initiate of Kikubaaqudgha.
             Demolished by a goliath beetle (23 damage)
             ... on Level 7 of the Dungeon.
             The game lasted 00:36:58 (9111 turns).

FiftyNine the Quickloader (Human Wanderer)          Turns: 9111, Time: 00:36:58

HP -21/69        AC  8     Str 13      XL: 9   Next: 39%
MP  20/20        EV 10     Int 14      God: Kikubaaqudgha [......]
Gold 283         SH  0     Dex 14      Spells:  0 memorised, 10 levels left

rFire  . . .     SeeInvis .     a - +2 dagger (freeze)
rCold  . . .     Clarity  .     v - +1 leather armour {rPois}
rNeg   . . .     rCorr    .     (no shield)
rPois  +         rRot     .     (no helmet)
rElec  .         Spirit   .     n - +2 cloak
SustAb .         Warding  .     (no gloves)
rMut   .         Stasis   .     q - +0 pair of boots
Gourm  .                        (no amulet)
MR     .....                    (no ring)
                                s - ring of magical power

@: not resistant to hostile enchantments, very unstealthy
A: no striking features
a: Renounce Religion


You were on level 7 of the Dungeon.
You worshipped Kikubaaqudgha.
Kikubaaqudgha was noncommittal.
You were very hungry.

You visited 2 branches of the dungeon, and saw 8 of its levels.

You collected 483 gold pieces.
You spent 200 gold pieces at shops.

Inventory:

Hand weapons
 a - a +2 dagger of freezing (weapon)
 b - a +2 crossbow
 t - the cursed -2 short sword "Wuc Giu" {flame, rElec rPois}
   (You bought it in a shop on level 6 of the Dungeon)

   It emits flame when wielded, causing extra injury to most foes and up to
   double damage against particularly susceptible opponents.
   Big, fiery blades are also staple armaments of hydra-hunters.
   It insulates you from electricity.
   It protects you from poison.
   It has a curse placed upon it.
Missiles
 e - 15 bolts
 m - 12 silver bolts
 p - 9 bolts of flame
 y - 4 tomahawks (quivered)
Armour
 h - a +0 chain mail
 j - a +0 cloak of poison resistance
 n - a +2 cloak (worn)
 q - a +0 pair of boots (worn)
 v - a +1 leather armour of poison resistance (worn)
Magical devices
 d - a wand of random effects (16)
 w - a wand of invisibility (6) {unknown}
 A - a wand of confusion (16) {unknown}
Comestibles
 f - 5 bread rations
 k - 3 fruits
 r - a meat ration
 u - 3 rotting chunks of orc flesh
Scrolls
 c - 2 scrolls of remove curse
 i - 6 scrolls of identify
 l - 2 scrolls of blinking
 x - a scroll of fear
Jewellery
 s - a ring of magical power (left hand)
Potions
 g - 4 potions of curing
 o - 2 potions of might
 z - 3 potions of heal wounds


   Skills:
 - Level 6.0 Fighting
 - Level 4.6 Short Blades
 + Level 9.4 Crossbows
 - Level 1.0 Stealth
   Level 1.0 Shields
 - Level 1.0 Spellcasting
   Level 1.0 Summonings
   Level 1.0 Air Magic
 - Level 1.0 Evocations


You had 10 spell levels left.
You didn't know any spells.

Dungeon Overview and Level Annotations

Branches:
Dungeon (7/15)             Temple (1/1) D:7

Altars:
Ashenzari
Cheibriados
Dithmenos
Elyvilon
Fedhas
Gozag
Kikubaaqudgha
Makhleb
Nemelex Xobeh
Okawaru
Qazlal
Sif Muna
Trog
Vehumet
Xom
Zin

Shops:
D:6 (


Message History

You hit the goliath beetle but do no damage.
The goliath beetle is moderately wounded.
You hit the goliath beetle but do no damage.
The goliath beetle is moderately wounded.
The goliath beetle closely misses you.
You hit the goliath beetle but do no damage.
The goliath beetle is moderately wounded.
You hit the goliath beetle. You freeze the goliath beetle.
The goliath beetle is moderately wounded.
You hit the goliath beetle but do no damage.
The goliath beetle is moderately wounded.
The goliath beetle bites you!!
* * * LOW HITPOINT WARNING * * *
You hit the goliath beetle. You freeze the goliath beetle.
The goliath beetle is heavily wounded.
You hit the goliath beetle but do no damage.
The goliath beetle is heavily wounded.
The goliath beetle bites you!!
You die...
Kikubaaqudgha rasps: "You have failed me!
Welcome... death!"

#.......##########.#
...#####.# #.#
#..#...#.# ##.##
#.....P..## #....
#..P.PP.P.#### #..##
#..P.#.PP..P)# #..#
##.P.###....#.# #..#
#......B.PPP# # #..#
#.....@.....# #..#
#..##.._..##.# #..#
#.......#.#.#####..##
#########..........##
.#..........
##.#########


You could see a goliath beetle and an active ballistomycete.

Vanquished Creatures
  An ugly thing (D:4)
  Menkaure (D:4)
  A centaur (D:5)
  An ice beast (D:5)
  2 phantoms
  Sigmund (D:4)
  Duvessa (D:7)
  3 jellies
  A scorpion (D:4)
  A goliath beetle (D:6)
  3 crimson imps
  Dowan (D:7)
  A centaur skeleton (D:5)
  2 orc wizards
  Crazy Yiuf (D:4)
  4 iguanas
  2 orc priests (D:6)
  A hound (D:4)
  2 giant frog skeletons (D:7)
  9 worker ants
  An ogre zombie (D:6)
  Jessica (D:3)
  A hound skeleton (D:4)
  6 adders
  A shadow imp (D:5)
  A gnoll skeleton (D:7)
  3 worms
  An inept item mimic (D:3)
  3 giant geckos
  An ooze (D:5)
  12 orcs
  11 bats
  4 giant cockroaches
  11 goblins
  12 hobgoblins
  8 jackals
  17 kobolds
  4 quokkas
  3 ball pythons
  A giant gecko skeleton (D:3)
  6 giant newts
  A giant spore (D:7)
  5 rats
153 creatures vanquished.

Vanquished Creatures (others)
  A rat (D:7)
1 creature vanquished.

Grand Total: 154 creatures vanquished

Notes
Turn   | Place    | Note
--------------------------------------------------------------
     0 | D:1      | FiftyNine, the Human Wanderer, began the quest for the Orb.
     0 | D:1      | Reached XP level 1. HP: 16/16 MP: 2/2
   127 | D:1      | Reached XP level 2. HP: 21/23 MP: 3/3
   612 | D:1      | Reached XP level 3. HP: 29/29 MP: 4/4
  1559 | D:2      | Found a shadowy altar of Dithmenos.
  1804 | D:2      | Reached XP level 4. HP: 34/37 MP: 5/5
  1900 | D:2      | Reached skill level 4 in Fighting
  2912 | D:3      | Noticed Jessica
  2915 | D:3      | Killed Jessica
  2915 | D:3      | Reached XP level 5. HP: 43/43 MP: 7/7
  2924 | D:3      | Found a deep blue altar of Sif Muna.
  3160 | D:4      | Noticed Menkaure
  3190 | D:3      | Gained mutation: You are frail (-10% HP). [potion of mutation]
  3190 | D:3      | Gained mutation: You are covered in fur (AC +1). [potion of mutation]
  3190 | D:3      | Gained mutation: You are partially covered in yellow scales (AC +2). [potion of mutation]
  3195 | D:3      | Lost mutation: You are frail (-10% HP). [potion of cure mutation]
  3195 | D:3      | Lost mutation: You are covered in fur (AC +1). [potion of cure mutation]
  3195 | D:3      | Lost mutation: You are partially covered in yellow scales (AC +2). [potion of cure mutation]
  3223 | D:3      | Reached skill level 5 in Fighting
  3454 | D:4      | Noticed Sigmund
  3736 | D:4      | Noticed a phantom
  3760 | D:4      | Killed a phantom
  3760 | D:4      | Reached skill level 6 in Fighting
  3760 | D:4      | Reached skill level 1 in Short Blades
  3760 | D:4      | Reached XP level 6. HP: 49/52 MP: 8/8
  4051 | D:4      | Killed Sigmund
  4155 | D:4      | Noticed a red ugly thing
  4178 | D:4      | Killed a red ugly thing
  4178 | D:4      | Reached XP level 7. HP: 46/58 MP: 9/9
  4524 | D:4      | Killed Menkaure
  4555 | D:4      | Reached XP level 8. HP: 61/64 MP: 10/10
  5104 | D:4      | Noticed Crazy Yiuf
  5109 | D:4      | Killed Crazy Yiuf
  5165 | D:5      | Entered Level 5 of the Dungeon
  5194 | D:5      | Reached skill level 5 in Crossbows
  6375 | D:5      | Reached skill level 7 in Crossbows
  6920 | D:6      | Reached XP level 9. HP: 35/69 MP: 11/11
  7110 | D:6      | Found a shimmering altar of Xom.
  7179 | D:6      | Found Kluwual's Antique Weapon Boutique.
  7199 | D:6      | Reached skill level 8 in Crossbows
  7313 | D:6      | Bought a polished short sword for 200 gold pieces
  7314 | D:6      | Identified the cursed -2 short sword "Wuc Giu" {flame, rElec rPois} (You bought it in a shop on level 6 of the Dungeon)
  8416 | D:7      | Noticed Dowan
  8420 | D:7      | Noticed Duvessa
  8425 | D:7      | Killed Dowan
  8431 | D:7      | Killed Duvessa
  8431 | D:7      | Reached skill level 9 in Crossbows
  8431 | D:7      | Reached skill level 1 in Evocations
  8733 | D:7      | Identified a scroll of acquirement
  8832 | D:7      | Found a staircase to the Ecumenical Temple.
  8859 | Temple   | Entered the Ecumenical Temple
  9069 | D:7      | Found an ancient bone altar of Kikubaaqudgha.
  9079 | D:7      | Became a worshipper of Kikubaaqudgha
  9109 | D:7      | HP: 2/69 [goliath beetle (19)]
  9111 | D:7      | Demolished by a goliath beetle

Action                   |  1- 3 |  4- 6 |  7- 9 || total
-------------------------+-------+-------+-------++-------
Melee: Hand axe          |   138 |    54 |       ||   192
       Club              |     2 |       |       ||     2
       Dagger            |       |    63 |   503 ||   566
       Long sword        |       |     5 |       ||     5
 Fire: Crossbow          |    17 |    70 |   100 ||   187
Throw: Tomahawk          |       |       |     1 ||     1
Evoke: Wand              |       |       |     2 ||     2
  Use: Potion            |       |     9 |     1 ||    10
       Scroll            |       |     5 |     4 ||     9
  Eat: Chunk             |     2 |     6 |    12 ||    20
       Fruit             |     1 |     2 |     2 ||     5
       Pizza             |       |       |     1 ||     1
